 Dungeon Crawl Stone Soup version 0.28-a0-1365-g7e0445c96d (webtiles) character file.

Game seed: 8546797983066902423

6984 Grim the Spear-Bearer (level 11, -2/75 HPs)
             Began as a Formicid Fighter on Dec 30, 2021.
             Was an Initiate of Ashenzari.
             Slain by an eight-headed hydra (3 damage)
             ... on level 8 of the Dungeon.
             The game lasted 00:23:19 (13790 turns).

Grim the Spear-Bearer (Formicid Fighter)           Turns: 13790, Time: 00:23:19

Health: -2/75      AC: 14    Str: 22    XL:     11   Next: 28%
Magic:  9/9        EV:  9    Int: 19    God:    Ashenzari [......]
Gold:   347        SH:  9    Dex: 10    Spells: 10/10 levels left

rFire   + + +      SeeInvis +   P - +1 spear "Banyzoab" {freeze, rPois Int+2}
rCold   x . .      Faith    .   (no shield)
rNeg    . . .      Spirit   .   o - +0 fire dragon scales
rPois   +          Reflect  +   (helmet unavailable)
rElec   +          Harm     .   w - +1 cloak
rCorr   .          Rampage  .   z - +0 pair of gloves "Shackled Together" {Range, Fort} (curse)
Will    +....                   (no boots)
Stlth   ..........              K - amulet of reflection
HPRegen 0.22/turn               i - +6 ring of intelligence
MPRegen 0.11/turn               y - ring of protection from fire

@: no status effects
A: permanent stasis, dig shafts and tunnels, antennae 3, four strong arms, large
bone plates 1, low mp 1, electricity resistance
a: Dig, Shaft Self, Renounce Religion, Shatter the Chains


You were on level 8 of the Dungeon.
You worshipped Ashenzari.
Ashenzari was noncommittal.
You visited 2 branches of the dungeon, and saw 12 of its levels.

You collected 688 gold pieces.
You spent 341 gold pieces at shops.

Inventory:

Hand Weapons
 a - a +0 trident
 D - a +1 spear of flaming
 P - the +1 spear "Banyzoab" (weapon) {freeze, rPois Int+2}
   (You found it on level 10 of the Dungeon)

   It freezes those it strikes, dealing additional cold damage.
   It can also slow down cold-blooded creatures.
   Int:       It affects your intelligence (+2).
   rPois:     It protects you from poison.
Missiles
 k - 47 poisoned darts (quivered)
 N - 3 boomerangs
Armour
 b - a +0 scale mail
 c - a +0 buckler
 o - +0 fire dragon scales (worn)
 q - a +0 cloak of stealth
 w - a +1 cloak (worn)
 z - the cursed +0 pair of gloves "Shackled Together" (worn) {Range, Fort}
   (You found it on level 6 of the Dungeon)

   It has a curse which improves the following skills: Ranged Combat: Slings,
   Bows, Crossbows and Throwing.
   Fortitude: Armour and Shields.
 I - the +0 tower shield of Amorality {rN+}
   (You found it on level 9 of the Dungeon)

   rN:        It protects you from negative energy.
Jewellery
 i - a +6 ring of intelligence (left hand)
 n - a +6 ring of dexterity
 y - a ring of protection from fire (right hand)
 K - an amulet of reflection (around neck)
Wands
 d - a wand of charming (7)
 r - a wand of acid (11)
 M - a wand of digging (2)
 O - a wand of flame (11)
Scrolls
 e - 6 scrolls of identify
 f - 4 scrolls of amnesia
 g - 3 scrolls of vulnerability
 l - 2 scrolls of noise
 s - 2 scrolls of brand weapon
 t - 2 scrolls of teleportation
 x - 3 scrolls of fog
 B - a scroll of holy word
 E - a scroll of enchant armour
 F - a scroll of enchant weapon
 G - 2 scrolls of magic mapping
 L - a scroll of summoning
 Q - a scroll of immolation
Potions
 j - 3 potions of flight
 m - a potion of resistance
 p - 2 potions of cancellation
 u - 2 potions of invisibility
 v - a potion of curing
 A - a potion of attraction
 C - a potion of haste
 J - 2 potions of might


   Skills:
 - Level 3.2 Fighting
 * Level 13.9 Polearms
 + Level 7.7(8.2) Armour
 - Level 8.8(9.3) Shields


You had 10 spell levels left.
You didn't know any spells.
Your spell library contained the following spells:

 Spells                   Type           Power      Damage    Failure   Level
 Foxfire                  Conj/Fire      0%         2x1d4     50%         1
 Magic Dart               Conj           0%         1d3       50%         1
 Call Imp                 Summ           0%         N/A       65%         2
 Conjure Flame            Conj/Fire      0%         6-21      86%         3
 Ignite Poison            Fire/Tmut/Pois 0%         N/A       86%         3
 Inner Flame              Hex/Fire       0%         N/A       86%         3
 Mephitic Cloud           Conj/Pois/Air  0%         N/A       86%         3
 Flame Wave               Conj/Fire      0%         2d4       99%         4
 Sticky Flame             Conj/Fire      0%         2d3       99%         4
 Irradiate                Conj/Tmut      0%         3d14      100%        5
 Simulacrum               Ice/Necr       0%         N/A       100%        6
 Polar Vortex             Ice            0%         N/A       100%        9


Dungeon Overview and Level Annotations

Branches:
Dungeon (11/15)            Temple (0/1) D:7            Lair (1/6) D:8
    Orc (0/2) D:10

Altars:
Ashenzari
Dithmenos
Elyvilon
Hepliaklqana
Makhleb
Ru
Sif Muna
Wu Jian
Xom

Shops:
D:1 ?   D:3 *   D:4 *   D:5 *


Innate Abilities, Weirdness & Mutations

You cannot be hasted, slowed, berserked, paralysed or teleported.
You can dig through walls and to a lower floor.
You have a pair of large antennae on your head. (SInv)
Your four strong arms can wield two-handed weapons with a shield.
You are partially covered in large bone plates. (SH +4)
Your magical capacity is low. (-10% MP)
You are resistant to electric shocks. (rElec)


Message History

The eight-headed hydra bites you but does no damage.
The eight-headed hydra bites you!
* * * LOW HITPOINT WARNING * * *
The eight-headed hydra bites you!
* * * LOW HITPOINT WARNING * * *
The eight-headed hydra bites you but does no damage.
The blink frog barely misses you. The blink frog hits you.
* * * LOW HITPOINT WARNING * * *
The blink frog blinks!
You climb upwards.
Welcome back to the Dungeon!
There is a staircase to the Lair here.
Unknown command.
The blink frog blinks!
The blink frog blinks!
There is an open door here.
You feel much better. The eight-headed hydra bites you!
* * * LOW HITPOINT WARNING * * *
The eight-headed hydra bites you!
* * * LOW HITPOINT WARNING * * *
The eight-headed hydra bites you.
* * * LOW HITPOINT WARNING * * *
The eight-headed hydra bites you but does no damage.
You block the eight-headed hydra's attack.
The eight-headed hydra bites you.
* * * LOW HITPOINT WARNING * * *
The eight-headed hydra bites you!
* * * LOW HITPOINT WARNING * * *
The eight-headed hydra bites you but does no damage.
Okay, then.
Okay, then.
Are you sure you want to shaft yourself?
You block the eight-headed hydra's attack.
The eight-headed hydra bites you.
* * * LOW HITPOINT WARNING * * *
The eight-headed hydra bites you but does no damage.
You block the eight-headed hydra's attack.
The eight-headed hydra bites you.
* * * LOW HITPOINT WARNING * * *
The eight-headed hydra bites you.
You die...

#.................#........
#.................#........
##.##...##.....####.##.####
####...##.....####.##.####
#............#...#......
#............#...#......
#............#...#......
######...........#...#......
##...#######@##..##.#########
#....##...##D##..##.####..###
#..........................+.
#..........................#.
###....................†.....#.
###.....####...####.##..####..###
#..[.....{###'#####.##..#########
...........#...............#....#
...........................#....#


You could see an eight-headed hydra.

Vanquished Creatures
  2 two-headed ogres
  A manticore (D:8)
  A troll (D:10)
  2 wyverns
  5 yaks
  3 steam dragons
  2 wargs
  A water moccasin (D:9)
  An ice beast (D:7)
  A sky beast (D:6)
  An ogre (D:4)
  A swamp drake (D:10)
  6 orc warriors
  A necrophage (D:7)
  3 kobold brigands
  A gnoll sergeant (D:6)
  A scorpion (D:6)
  2 water moccasin zombies
  A wyvern skeleton (D:7)
  5 killer bees
  12 wights
  2 howler monkeys
  A bullfrog skeleton (D:5)
  A bullfrog zombie (D:7)
  A centaur zombie (D:9)
  A hound (D:4)
  9 orc priests
  Crazy Yiuf (D:5)
  2 jellies
  A centaur skeleton (D:4)
  An iguana (D:6)
  A gnoll shaman (D:6)
  Natasha (thrice) (D:3)
  7 orc wizards
  A hound skeleton (D:5)
  A howler monkey zombie (D:9)
  Robin (D:2)
  A howler monkey skeleton (D:6)
  11 gnolls
  3 adders
  A shadow imp (D:7)
  3 white imps
  2 worms
  4 dart slugs
  45 orcs
  10 ball pythons
  6 bats
  7 endoplasms
  5 giant cockroaches
  14 goblins
  12 hobgoblins
  3 jackals (D:3)
  15 kobolds
  4 quokkas
  5 rats
238 creatures vanquished.

Vanquished Creatures (others)
  27 plants (D:3)
27 creatures vanquished.

Grand Total: 265 creatures vanquished

Notes
Turn   | Place    | Note
-------+----------+-------------------------------------------
     0 | D:1      | Grim the Formicid Fighter began the quest for the Orb.
     0 | D:1      | Reached XP level 1. HP: 18/18 MP: 1/1
   101 | D:1      | Found Veatun's Magic Scroll Emporium.
   126 | D:1      | Reached XP level 2. HP: 24/24 MP: 2/2
   246 | D:1      | Reached skill level 3 in Polearms
   316 | D:1      | Reached XP level 3. HP: 29/29 MP: 3/3
   672 | D:2      | Reached skill level 4 in Polearms
   672 | D:2      | Reached XP level 4. HP: 31/35 MP: 4/4
  1331 | D:2      | Found a faded altar of an unknown god.
  1500 | D:2      | Noticed Robin
  1558 | D:2      | Reached XP level 5. HP: 25/41 MP: 5/5
  1885 | D:2      | Killed Robin
  1886 | D:2      | Reached skill level 5 in Polearms
  1997 | D:3      | Found Haihiarergh's General Store.
  2258 | D:3      | Noticed Natasha
  2267 | D:3      | Killed Natasha
  2439 | D:3      | Noticed Natasha
  2448 | D:3      | Gained mutation: Your flesh is cold resistant. (rC+)
                  | [potion of mutation]
  2448 | D:3      | Gained mutation: You are clumsy. (Dex -2) [potion of
                  | mutation]
  2745 | D:3      | Killed Natasha
  2768 | D:3      | Reached XP level 6. HP: 35/47 MP: 6/6
  2883 | D:3      | Found a shadowy altar of Dithmenos.
  2884 | D:3      | Found a white marble altar of Elyvilon.
  3088 | D:3      | Reached skill level 6 in Polearms
  3281 | D:3      | Noticed Natasha
  3297 | D:3      | Killed Natasha
  3613 | D:3      | Found a burning altar of Makhleb.
  4100 | D:4      | Reached XP level 7. HP: 47/52 MP: 7/7
  4207 | D:4      | Reached skill level 7 in Polearms
  4334 | D:4      | Found a broken altar of Ashenzari.
  4336 | D:4      | Found Iruol's Assorted Antiques.
  4347 | D:4      | Bought an embroidered cloak for 165 gold pieces
  4365 | D:4      | Became a worshipper of Ashenzari the Shackled
  4448 | D:4      | Reached skill level 5 in Shields
  4717 | D:5      | Entered Level 5 of the Dungeon
  4856 | D:5      | Found a runed translucent door.
  4857 | D:5      | Noticed Crazy Yiuf
  4870 | D:5      | Killed Crazy Yiuf
  5510 | D:5      | Found Kaushu's Assorted Antiques.
  5590 | D:5      | Found a hazy altar of Hepliaklqana.
  5590 | D:5      | Found an ornate altar of the Wu Jian Council.
  5619 | D:6      | Reached XP level 8. HP: 57/58 MP: 8/8
  6140 | D:6      | Noticed a wyvern
  6154 | D:6      | Killed a wyvern
  6155 | D:6      | Reached skill level 8 in Polearms
  6609 | D:6      | Got the Compendium of the Shifting Snowflakes
  7332 | D:6      | Reached skill level 9 in Polearms
  7478 | D:7      | Reached XP level 9. HP: 60/64 MP: 9/9
  7601 | D:7      | Found a staircase to the Ecumenical Temple.
  8429 | D:7      | Reached skill level 10 in Polearms
  8476 | D:7      | Lost mutation: Your flesh is cold resistant. (rC+) [potion
                  | of mutation]
  8476 | D:7      | Lost mutation: You are clumsy. (Dex -2) [potion of
                  | mutation]
  8476 | D:7      | Gained mutation: Your mind is acute. (Int +2) [potion of
                  | mutation]
  8476 | D:7      | Gained mutation: You do not regenerate when monsters are
                  | visible. [potion of mutation]
  8476 | D:7      | Gained mutation: Your mind is very acute. (Int +4) [potion
                  | of mutation]
  8855 | D:8      | Found a staircase to the Lair.
  9364 | D:4      | Bought a potion of mutation for 176 gold pieces
  9366 | D:4      | Lost mutation: You do not regenerate when monsters are
                  | visible. [potion of mutation]
  9366 | D:4      | Lost mutation: Your mind is very acute. (Int +4) [potion of
                  | mutation]
  9366 | D:4      | Lost mutation: Your mind is acute. (Int +2) [potion of
                  | mutation]
  9366 | D:4      | Gained mutation: You are partially covered in large bone
                  | plates. (SH +4) [potion of mutation]
  9366 | D:4      | Gained mutation: Your magical capacity is low. (-10% MP)
                  | [potion of mutation]
  9366 | D:4      | Gained mutation: You are resistant to electric shocks.
                  | (rElec) [potion of mutation]
  9885 | D:8      | Reached skill level 11 in Polearms
 10082 | D:7      | Reached XP level 10. HP: 46/70 MP: 9/9
 10377 | D:8      | Noticed a manticore
 10392 | D:8      | Killed a manticore
 10393 | D:8      | Reached skill level 12 in Polearms
 10393 | D:8      | Reached skill level 5 in Armour
 10735 | D:8      | Reached * piety under Ashenzari
 10845 | D:9      | Identified the +0 tower shield of Amorality {rN+}
 11080 | D:9      | Noticed a two-headed ogre
 11092 | D:9      | Killed a two-headed ogre
 11223 | D:9      | HP: 1/70 [orc warrior (19)]
 11520 | D:9      | Found a shimmering altar of Xom.
 11585 | D:9      | Found a sacrificial altar of Ru.
 11638 | D:9      | Identified the +0 robe of Hubris {Contam Int+5}
 11827 | D:8      | Reached skill level 13 in Polearms
 11918 | D:9      | Found a shimmering blue altar of Sif Muna.
 12036 | D:10     | Entered Level 10 of the Dungeon
 12073 | D:10     | Identified the +1 spear "Banyzoab" {freeze, rPois Int+2}
 12101 | D:10     | Noticed a two-headed ogre
 12118 | D:10     | Killed a two-headed ogre
 12119 | D:10     | Reached XP level 11. HP: 12/75 MP: 9/9
 13081 | D:10     | Found a staircase to the Orcish Mines.
 13679 | D:11     | Noticed a cyclops
 13763 | Lair:1   | Entered Level 1 of the Lair of Beasts
 13763 | Lair:1   | Noticed an eight-headed hydra
 13790 | D:8      | HP: 1/75 [eight-headed hydra (5)]
 13790 | D:8      | Slain by an eight-headed hydra

Illustrated notes

Levels and vault maps discovered:
D:1:      co_arrival_random_square_maze, layout_rooms, serial_shops,
          nicolae_shop_waterfront
D:2:      layout_basic, shapermc_ecumenical_altar_starsandcircs,
          chequers_serial_rivers_micro_c, uniq_robin
D:3:      minmay_spotlight, layout_loops_ring, mainiacjoe_overflow_divided_tiny,
          bloody_makhleb, serial_shops, shop, serial_bayou_lagoon_a,
          uniq_natasha
D:4:      layout_basic, lemuel_doored_altar, serial_shops, shop
D:5:      layout_cave_pools, gammafunk_temple_overflow_statue,
          minmay_shop_grid_forest, uniq_crazy_yiuf_cottage
D:6:      layout_basic, minivault_11
D:7:      layout_basic, minmay_temple_entry_slanted
D:8:      layout_gridville, erik_lair_orcish_takeover
D:9:      layout_cave_pools, kennysheep_mini,
          chequers_temple_overflow_statue_of_worship
D:10:     layout_basic, erik_orc_1
D:11:     nzn_winding_woodlands_stair_trap
          [nzn_winding_woodlands_5x15_concentric,
          nzn_winding_woodlands_5x15_zeroes,
          nzn_winding_woodlands_5x15_split_checker,
          nzn_winding_woodlands_15x15_killbox, nzn_winding_woodlands_5x15_cabin,
          nzn_winding_woodlands_5x15_parted, nzn_winding_woodlands_5x15_garden],
          layout_irregular_city, enter_trove_1, kennysheep_big_empty_room,
          kennysheep_pointless_box
Lair:1:   layout_loops_ring, special_room [special_room_bee],
          grunt_megastairs_2, uniq_gastronok, uniq_sonja

Skill      XL: |  1  2  3  4  5  6  7  8  9 10 |
---------------+-------------------------------+-----
Polearms       | 3 4 5 6 7 9 11 13 | 13.9
Shields        | 4 5 7 8 |  8.8
Armour         | 7 |  7.7
Fighting       | |  3.2

Action                   |  1- 3 |  4- 6 |  7- 9 | 10-12 || total
-------------------------+-------+-------+-------+-------++-------
Melee: Trident           |    71 |   268 |   155 |       ||   494
       Spear             |       |       |   413 |   460 ||   873
Throw: Dart              |       |       |     2 |       ||     2
       Throwing net      |       |       |     1 |       ||     1
Invok: Curse Item        |       |       |     1 |     1 ||     2
       Shatter the Chain |       |       |       |     1 ||     1
 Abil: Dig               |       |       |     1 |       ||     1
       Shaft Self        |       |       |       |     1 ||     1
Evoke: Wand              |       |       |       |     1 ||     1
  Use: Potion            |       |     1 |     6 |     4 ||    11
 Stab: Distracted        |       |       |     1 |       ||     1
       Held in net/web   |       |       |     2 |       ||     2
Armor: Scale mail        |    18 |    93 |       |       ||   111
       Fire dragon scale |       |     9 |   100 |    62 ||   171
Dodge: Dodged            |    19 |    60 |   115 |    56 ||   250
Block: Buckler           |     6 |       |       |       ||     6
       Kite shield       |    14 |    99 |   187 |   201 ||   501
       Other             |       |       |       |     7 ||     7
       Reflection        |       |       |       |     1 ||     1

Table legend: (Time is in decaauts)
 A = Elapsed time spent in this place.
 B = Non-inter-level travel time spent in this place.
 C = Inter-level travel time spent in this place.
 D = Time resting spent in this place.
 E = Time spent auto-exploring this place.
 F = Levels seen in this place.
 G = Mean time per level.
                   A        B        C        D        E       F      G
               +--------+--------+--------+--------+--------+-----+--------+
         Total |  13536 |  13016 |    520 |   5005 |   5636 |  12 | 1128.0 |
       Dungeon |  13527 |  13007 |    520 |   5005 |   5636 |  11 | 1229.7 |
          Lair |      8 |      8 |      0 |      0 |      0 |   1 |    8.0 |
               +--------+--------+--------+--------+--------+-----+--------+

Top non-repeatable levels by time:
     D:6: 2267 daAuts
     D:3: 1685 daAuts
     D:2: 1627 daAuts
    D:10: 1566 daAuts
     D:7: 1507 daAuts
     D:8: 1320 daAuts
     D:4: 986 daAuts
     D:9: 980 daAuts
     D:5: 917 daAuts
     D:1: 651 daAuts
    D:11: 16 daAuts
  Lair:1: 8 daAuts
